 Dungeon Crawl Stone Soup version 0.18-a0-1718-g40ea4b6 (webtiles) character file.

179 HeOfManyNames the Insei (level 5, 0/42 HPs)
             Began as a Mummy Monk on Apr 8, 2016.
             Slain by an adder (4 damage)
             ... on level 3 of the Dungeon.
             The game lasted 00:03:02 (3728 turns).

HeOfManyNames the Insei (Mummy Monk)                Turns: 3728, Time: 00:03:02

Health: 0/42       AC:  1    Str: 14    XL:     5   Next: 32%
Magic:  5/5        EV: 13    Int:  9    God:
Gold:   108        SH:  0    Dex: 16    Spells: 0 memorised, 4 levels left

rFire  x . .     SeeInvis .       - Unarmed
rCold  + . .     Gourm    .     (no armour)
rNeg   + + +     Faith    .     (no shield)
rPois  ∞         Spirit   .     (no helmet)
rElec  .         Dismiss  .     c - +0 cloak
rCorr  .         Reflect  .     (no gloves)
SustAt .         Harm     .     (no boots)
MR     .....                    (no amulet)
Stlth  ++........               (no ring)
                                (no ring)

@: not resistant to hostile enchantments, unstealthy
A: no food or potions, fire vulnerability, cold resistance 1, negative energy
resistance 3, torment resistance, unbreathing
a: no special abilities


You were on level 3 of the Dungeon.
You were not hungry.

You visited 1 branch of the dungeon, and saw 4 of its levels.

You collected 108 gold pieces.


Innate Abilities, Weirdness & Mutations

You do not eat or drink.
Your flesh is vulnerable to fire.
You are immune to poison.
Your flesh is cold resistant.
You are immune to negative energy.
You are immune to unholy pain and torment.
You can survive without breathing.


   Skills:
 - Level 4.0 Fighting
 + Level 2.4 Dodging
 - Level 1.5 Stealth
 - Level 5.0 Unarmed Combat


You had 4 spell levels left.
You didn't know any spells.

Inventory:

Armour
 c - a +0 cloak (worn)
Scrolls
 a - 3 scrolls of immolation {unknown}
 b - a scroll of enchant weapon {unknown}
 d - a scroll of blinking {unknown}
 e - a scroll of fear {unknown}
 f - a scroll of random uselessness {unknown}
 g - 4 scrolls of identify {unknown}
 h - a scroll of teleportation {unknown}

Dungeon Overview and Level Annotations

Branches:
Dungeon (4/15)
 Temple: D:4-7

Altars:

▒▒▒▒▒▒▒▒▒▒▒▒▒▒▒▒▒▒▒▒▒▒▒▒▒▒
▒.......▒.................
▒.▒▒▒▒▒.▒.▒▒▒▒▒▒▒▒▒▒▒▒▒▒▒▒
▒.▒ ▒.▒S▒)..%....▒ ▒.▒
▒.▒M▒.▒▒▒▒▒▒.▒ ▒.▒
▒.▒O▒.▒▒▒▒▒▒.▒ ▒.▒
▒.▒.......▒▒)▒ ▒.▒
▒.▒▒▒.▒▒▒▒▒▒.▒
▒!▒▒▒▒▒.▒.▒.▒ ▒.▒
▒.▒▒....▒.▒.▒ ▒.▒
▒.▒▒.▒▒▒▒.▒.▒ ▒.▒
▒<▒▒......▒.▒ ▒.▒▒▒▒▒▒▒
▒.▒▒▒▒▒▒▒▒▒.▒ ▒..(.....


You could see an ogre and an adder.


Message History

The adder barely misses you! The ogre closely misses you!
The adder bites you but does no damage!
You climb upwards!
There is a stone staircase leading down here!
You squash the ogre like an ant!
The ogre is lightly wounded!
The ogre barely misses you! The adder misses you!
You beat the ogre but do no damage!
The ogre is lightly wounded!
The adder bites you! The ogre closely misses you!
You squash the ogre like an ant!
The ogre is moderately wounded!
The adder closely misses you!
You barely miss the ogre!
The ogre is moderately wounded!
The adder bites you! The ogre misses you!
You beat the ogre into a bloody pulp!
The ogre is moderately wounded!
The adder barely misses you!
The ogre hits you with a giant club!!!!!!
DANG * * * don't die
* * * You barely miss the ogre!
The ogre is moderately wounded!
The adder barely misses you!
Unknown command!
You squash the ogre but do no damage!
The ogre is moderately wounded!
The adder bites you! rip

Action                   |  1- 3 |  4- 6 || total
-------------------------+-------+-------++-------
Melee: Unarmed           |   128 |    45 ||   173
 Stab: Sleeping          |     4 |       ||     4

Vault maps used:
D:1:      grunt_arrival_lava_bath
D:2:      serial_forest, infiniplex_forest_end_1, infiniplex_forest_zigzag_1,
          infiniplex_forest_clump_C, infiniplex_forest_clump_double,
          infiniplex_forest_lined_3_way, minmay_misc_feat_plants,
          grunt_decor_one_mirror
D:4:      kennysheep_little_box

Notes
Turn   | Place    | Note
--------------------------------------------------------------
     0 | D:1      | HeOfManyNames the Mummy Monk began the quest for the Orb.
     0 | D:1      | Reached XP level 1. HP: 18/18 MP: 1/1
   387 | D:1      | Reached XP level 2. HP: 20/24 MP: 2/2
  1098 | D:1      | Reached skill level 4 in Unarmed Combat
  1098 | D:1      | Reached XP level 3. HP: 8/29 MP: 3/3
  2478 | D:2      | Reached XP level 4. HP: 32/35 MP: 4/4
  2852 | D:3      | Reached skill level 5 in Unarmed Combat
  3341 | D:4      | Noticed an ogre
  3430 | D:4      | Noticed a giant frog
  3441 | D:3      | HP: 3/35 [giant frog (3)]
  3443 | D:3      | Killed a giant frog
  3443 | D:3      | Reached skill level 4 in Fighting
  3443 | D:3      | Reached XP level 5. HP: 3/42 MP: 5/5
  3726 | D:3      | HP: 4/42 [ogre/giant club (21)]
  3728 | D:3      | Slain by an adder

Vanquished Creatures
  A giant frog (D:3)
  A howler monkey (D:3)
  2 adders
  A worm (D:2)
  A dart slug (D:1)
  4 giant geckos
  2 ball pythons (D:1)
  7 bats
  4 giant cockroaches
  2 goblins (D:2)
  6 hobgoblins
  3 jackals (D:1)
  3 giant newts
  6 kobolds
  4 rats (D:1)
47 creatures vanquished.
